 Dungeon Crawl Stone Soup version 0.16.2-12-gd0ad4c3 (webtiles) character file.

11 GammafunkIsRetarded the Chiller (level 2, 0/18 HPs)
             Began as a High Elf Ice Elementalist on June 8, 2018.
             Was an Initiate of Nemelex Xobeh.
             Slain by a giant gecko (3 damage)
             ... on level 3 of the Dungeon.
             The game lasted 00:02:20 (361 turns).

GammafunkIsRetarded the Chiller (HEIE)               Turns: 361, Time: 00:02:21

Health: 0/18       AC:  3    Str:  7    XL:     2   Next: 13%
Magic:  3/6        EV: 12    Int: 18    God:    Nemelex Xobeh [......]
Gold:   22         SH:  0    Dex: 15    Spells: 1 memorised, 5 levels left

rFire  . . .     SeeInvis .     d - +0 whip
rCold  . . .     Clarity  .     a - +1 robe
rNeg   . . .     SustAb   .     (no shield)
rPois  .         Gourm    .     (no helmet)
rElec  .         Spirit   .     (no cloak)
rCorr  .         Warding  .     (no gloves)
rMut   .         Stasis   .     (no boots)
MR     .....                    (no amulet)
Stlth  ++........               (no ring)
                                (no ring)

@: not resistant to hostile enchantments, unstealthy
A: no striking features
a: Renounce Religion


You were on level 3 of the Dungeon.
You worshipped Nemelex Xobeh.
Nemelex Xobeh was noncommittal.
You were not hungry.

You visited 1 branch of the dungeon, and saw 3 of its levels.

You collected 22 gold pieces.

Inventory:

Hand weapons
 d - a +0 whip (weapon)
Armour
 a - a +1 robe (worn)
Scrolls
 h - a scroll of identify {unknown}
 i - a scroll of teleportation {unknown}
Potions
 e - a potion of magic {unknown}
 j - a potion of degeneration {unknown}
Books
 b - a book of Frost

   Spells                             Type                      Level
   a - Freeze                         Ice                          1
   b - Throw Frost                    Conjuration/Ice              2
   c - Ozocubu's Armour               Charms/Ice                   3
   d - Throw Icicle                   Conjuration/Ice              4
   e - Summon Ice Beast               Ice/Summoning                4
   f - Condensation Shield            Ice                          4
Miscellaneous
 g - a plain deck of war {drawn: 1}
Comestibles
 c - a bread ration
 f - a beef jerky


   Skills:
 + Level 0.8 Fighting
 + Level 2.2 Dodging
 - Level 2.1 Stealth
 - Level 2.5 Spellcasting
   Level 1.1 Conjurations
 - Level 3.0 Ice Magic
 + Level 1.2 Evocations


You had 5 spell levels left.
You knew the following spells:

 Your Spells              Type           Power        Failure   Level  Hunger
a - Freeze                Ice            ##..         6%          1    #......


Dungeon Overview and Level Annotations

Branches:
Dungeon (3/15)

Altars:
Nemelex Xobeh


Message History

You see here a ring mail.
Casting: Freeze
Confirm with . or Enter, or press ? or * to list all spells.
Aiming: Freeze
Press: ? - help, Shift-Dir - straight line, f - giant gecko
Aim: a giant gecko You freeze the giant gecko.
The giant gecko is heavily wounded.
The giant gecko bites you.
* * * LOW HITPOINT WARNING * * *
Casting: Freeze
Confirm with . or Enter, or press ? or * to list all spells.
Aiming: Freeze
Press: ? - help, Shift-Dir - straight line, f/p - giant gecko
Aim: a giant gecko (heavily wounded)
You freeze the giant gecko.
The giant gecko is severely wounded.
The giant gecko bites you.
You die...
Your body disappears without a glow.

####.####.....#...######'#.......
#..........##### #......##
#.############## #).....# .
#.##...## ##...## #......#
...###.....###.....## #....!.#
!...#...[...#...)...# #......#
....#.......#.......# #......#
w...#.......#...l...# #$.....#
...###.....###..@..# #...... ..#
##...## ##.[.## ...
+#######'#######'####
....................##. #
.......................# .#.#
.(..................##.# .....
(#######'#######+#### #. ..##
##...## #. ...###..†..## .##.


You could see a giant gecko.

Vanquished Creatures
  An orc (D:3)
  A hobgoblin (D:3)
  2 kobolds (D:3)
  2 bats (D:3)
  3 giant newts
  2 rats
11 creatures vanquished.

Notes
Turn   | Place    | Note
--------------------------------------------------------------
     0 | D:1      | GammafunkIsRetarded, the High Elf Ice Elementalist, began the quest for the Orb.
     0 | D:1      | Reached XP level 1. HP: 11/11 MP: 4/4
    39 | D:2      | Found a sparkling altar of Nemelex Xobeh.
    52 | D:2      | Became a worshipper of Nemelex Xobeh the Trickster
    73 | D:2      | Received a gift from Nemelex Xobeh
   293 | D:3      | Reached skill level 1 in Evocations
   293 | D:3      | Reached XP level 2. HP: 4/18 MP: 3/6
   361 | D:3      | Slain by a giant gecko

Action                   || total
-------------------------++-------
Melee: Unarmed           ||     3
 Cast: Freeze            ||    16
Evoke: Deck              ||     1
  Use: Scroll            ||     2
